 Dungeon Crawl Stone Soup version 0.30.1-3-gfc49f6343a (webtiles) character file.

Game seed: 5282960047191462734

315 Ethylacetat the Firebug (level 6, -2/36 HPs)
             Began as an Octopode Fire Elementalist on July 30, 2023.
             Slain by a kobold brigand
             ... wielding a +2 dagger of venom
              (3 damage)
             ... on level 4 of the Dungeon.
             The game lasted 00:15:15 (2635 turns).

Ethylacetat the Firebug (OpFE)                      Turns: 2635, Time: 00:15:32

Health: -2/36      AC:  1    Str:  7    XL:     6   Next: 43%
Magic:  11/11      EV: 13    Int: 25    God:
Gold:   134        SH:  0    Dex: 13    Spells: 11/12 levels left

rFire   . . .        l - +3 whip (venom)
rCold   . . .        (no shield)
rNeg    . . .        (helmet restricted)
rPois   +            e - amulet of magic regeneration
rElec   .            j - +6 ring of intelligence
rCorr   .            (no ring)
SInv    .            (no ring)
Will    .....        (no ring)
Stlth   +++          (no ring)
HPRegen 0.26/turn    (no ring)
MPRegen 0.52/turn    (no ring)
                     (no ring)

%: no passive effects
@: lethally poisoned (-2 -> -19)
A: almost no armour, amphibious, 8 rings, camouflage 1, gelatinous body 1,
(nimble swimmer 1), tentacles, poison resistance
a: no special abilities


You were on level 4 of the Dungeon.
You visited 1 branch of the dungeon, and saw 4 of its levels.

You collected 134 gold pieces.

Inventory:

Hand Weapons
 l - a +3 whip of venom (weapon)
Jewellery
 e - an amulet of magic regeneration (around mantle)
 j - a +6 ring of intelligence (left tentacle)
Wands
 k - a wand of light (11)
Scrolls
 c - 2 scrolls of noise {unknown}
 d - 8 scrolls of identify {unknown}
 f - 4 scrolls of poison {unknown}
 g - a scroll of amnesia {unknown}
 i - a scroll of enchant weapon {unknown}
 m - a scroll of butterflies {unknown}
Potions
 a - a potion of magic
 b - 2 potions of lignification
 h - a potion of flight


   Skills:
 - Level 2.3 Dodging
 - Level 3.2 Stealth
 + Level 3.7 Spellcasting
 + Level 3.4 Conjurations
 + Level 4.5 Fire Magic


You had 11 spell levels left.
You knew the following spells:

 Your Spells              Type           Power      Damage    Failure   Level
a - Foxfire               Conj/Fire      96%        2x1d8     1%          1

Your spell library contained the following spells:

 Spells                   Type           Power      Damage    Failure   Level
 Scorch                   Fire           54%        2d7       2%          2
 Inner Flame              Hex/Fire       16%        N/A       11%         3
 Volatile Blastmotes      Fire/Tloc      32%        2d12      11%         3
 Flame Wave               Conj/Fire      24%        2d8       19%         4


Dungeon Overview and Level Annotations

Branches:
Dungeon (4/15)
 Temple: D:4-7

Altars:

Shops:
D:2 [


Innate Abilities, Weirdness & Mutations

You cannot wear most types of armour.
You are amphibious.
You can wear up to eight rings at the same time.
Your skin changes colour to match your surroundings (Stealth+).
Your rubbery body absorbs attacks. (AC +1, EV +1)
((You are camouflaged when in or above water. (Stealth+)))
You have tentacles for arms and can constrict up to eight enemies at once.
Your system is resistant to poisons. (rPois)


Message History

The poisoned dart misses you.
Casting: Foxfire (safe; 1% risk of failure)
Confirm with . or Enter, or press ? or * to list all spells.
You conjure some foxfire!
The foxfire hits the hobgoblin.
You kill the hobgoblin!
The foxfire hits the kobold brigand but does no damage.
The foxfire hits the kobold brigand.
The kobold brigand is lightly wounded.
The foxfire hits the kobold brigand but does no damage.
The kobold brigand is lightly wounded.
Casting: Foxfire (safe; 1% risk of failure)
Confirm with . or Enter, or press ? or * to list all spells.
You conjure some foxfire!
The foxfire hits the kobold brigand.
The kobold brigand is lightly wounded.
Unknown command.
You barely miss the kobold brigand. Your grab misses the kobold brigand.
Your squeeze misses the kobold brigand.
The kobold brigand is lightly wounded.
The foxfire hits the kobold brigand but does no damage.
The kobold brigand is lightly wounded.
You whack the kobold brigand!
The kobold brigand is poisoned.
You grab the kobold brigand.
The kobold brigand is heavily wounded.
You constrict the kobold brigand, but do no damage.
The kobold brigand hits you with a +2 dagger of venom!
You hit the kobold brigand.
The kobold brigand is heavily wounded.
You constrict the kobold brigand.
The kobold brigand hits you with a +2 dagger of venom.
You are poisoned.
The kobold brigand hits you with a +2 dagger of venom!
* * * LOW HITPOINT WARNING * * *
You are more poisoned.
It was a potion of mutation.
You feel extremely strange.
You feel resistant to poisons.
You constrict the kobold brigand.
* * * LOW HITPOINT WARNING * * *
You feel very sick.
The kobold brigand hits you with a +2 dagger of venom.
You die...

.. ##.##### :
#...~~~#### ..###
.~~~~~~~~ ....###
~~≈≈~~~ ####
#...####≈≈≈###.....
#...)#####....... #
#...)).).@K)#
#.#.###.....###
#.#...#######..
#..............
#.....#.######
....[#..#.#
#.#####..#.# #
#..#.# #.#####..#.#


You could see a kobold brigand (very poisoned).

Vanquished Creatures
  A phantom (D:4)
  Crazy Yiuf (D:2)
  Natasha (thrice) (D:3)
  An orc wizard (D:3)
  Robin (D:2)
  2 adders (D:2)
  A worm (D:3)
  2 dart slugs (D:2)
  4 orcs (D:3)
  5 endoplasms
  14 goblins
  10 hobgoblins
  4 jackals (D:2)
  11 kobolds
  2 quokkas (D:1)
  5 ball pythons
  4 bats
  7 frilled lizards
  2 rats
80 creatures vanquished.

Vanquished Creatures (others)
  78 foxfires
78 creatures vanquished.

Grand Total: 158 creatures vanquished

Notes
Turn   | Place    | Note
-------+----------+-------------------------------------------
     0 | D:1      | Ethylacetat the Octopode Fire Elementalist began the quest
                  | for the Orb.
     0 | D:1      | Reached XP level 1. HP: 11/11 MP: 3/3
   116 | D:1      | Found a faded altar of an unknown god.
   158 | D:1      | Reached XP level 2. HP: 17/17 MP: 5/5
   779 | D:2      | Found Dudghibijo's Antique Armour Emporium.
   824 | D:2      | Reached XP level 3. HP: 21/21 MP: 6/6
  1021 | D:2      | Noticed Robin
  1032 | D:2      | Killed Robin
  1033 | D:2      | Reached XP level 4. HP: 8/27 MP: 1/7
  1539 | D:2      | Found a runed translucent door.
  1540 | D:2      | Noticed Crazy Yiuf
  1552 | D:2      | Killed Crazy Yiuf
  1796 | D:3      | Reached XP level 5. HP: 29/31 MP: 9/9
  1950 | D:3      | Reached skill level 4 in Fire Magic
  1972 | D:3      | Noticed Natasha
  1979 | D:3      | Killed Natasha
  2031 | D:3      | Noticed Natasha
  2038 | D:3      | Killed Natasha
  2052 | D:3      | Noticed Natasha
  2058 | D:3      | Killed Natasha
  2059 | D:3      | Reached XP level 6. HP: 14/36 MP: 7/11
  2635 | D:4      | Gained mutation: Your system is resistant to poisons.
                  | (rPois) [potion of mutation]
  2635 | D:4      | HP: 1/36 [poisoned by a kobold brigand]
  2635 | D:4      | Slain by a kobold brigand

Illustrated notes

Levels and vault maps discovered:
D:1:      saegor_arrival_simple_a, layout_loops_ring,
          ebering_ecumenical_altar_sacrificial
D:2:      layout_loops_ring, serial_shops, nicolae_shop_advertising_works
          [nicolae_subvault_shop_adworks], hangedman_decor_growths,
          serial_bayou_pond_c, uniq_robin, uniq_crazy_yiuf_cottage
D:3:      layout_basic, nicolae_figureground_pulse, uniq_natasha
D:4:      cheibrodos_thug_alley, layout_loops_ring, okawaru_trees_1,
          serial_demonic, serial_demonic_f, serial_demonic_f, serial_demonic_d,
          serial_demonic_g, kennysheep_diamond

Skill      XL: |  1  2  3  4  5 |
---------------+----------------+-----
Stealth        | 3 |  3.2
Conjurations   | 2 3 |  3.4
Spellcasting   | 3 |  3.7
Fire Magic     | 4 |  4.5
Dodging        | |  2.3

Action                     |  1- 3 |  4- 6 || total
---------------------------+-------+-------++-------
  Melee: Unarmed           |    56 |       ||    56
         Tentacles         |    11 |    17 ||    28
         Constrict         |    12 |    25 ||    37
         Punch             |     1 |       ||     1
         Whip              |       |    88 ||    88
   Cast: Foxfire           |    25 |    20 ||    45
    Use: Potion            |       |     5 ||     5
   Stab: Sleeping          |     8 |     8 ||    16
 Armour: Skin              |     5 |     9 ||    14
  Dodge: Dodged            |    35 |    42 ||    77
